 Dungeon Crawl Stone Soup version 0.22.1-2-g9c5b331383 (webtiles) character file.

154 H0rd4k the Charlatan (level 5, -1/38 HPs)
             Began as a Human Artificer on Nov 27, 2018.
             Slain by an orc wizard
             ... wielding a +0 dagger
              (3 damage)
             ... on level 3 of the Dungeon.
             The game lasted 00:04:41 (2318 turns).

H0rd4k the Charlatan (Human Artificer)              Turns: 2318, Time: 00:04:42

Health: -1/38      AC:  3    Str: 12    XL:     5   Next: 62%
Magic:  8/8        EV: 12    Int: 13    God:
Gold:   116        SH:  0    Dex: 13    Spells: 4/4 levels left

rFire    . . .     SeeInvis .   a - +0 short sword
rCold    . . .     Gourm    .   (no shield)
rNeg     . . .     Faith    .   b - +0 leather armour
rPois    .         Spirit   .   (no helmet)
rElec    .         Reflect  .   (no cloak)
rCorr    .         Harm     .   (no gloves)
MR       .....                  (no boots)
Stlth    ++........             (no amulet)
HPRegen  0.12/turn              (no ring)
MPRegen  0.11/turn              (no ring)

@: no status effects
A: no striking features
a: no special abilities


You were on level 3 of the Dungeon.
You were hungry.

You visited 1 branch of the dungeon, and saw 3 of its levels.

You collected 116 gold pieces.

Inventory:

Hand Weapons
 a - a +0 short sword (weapon)
Missiles
 i - 60 arrows
 j - 20 sling bullets
 q - 14 poisoned needles
Armour
 b - a +0 leather armour (worn)
Jewellery
 s - a cursed ring of attention {unknown}
 w - a cursed ring of attention {unknown}
 x - an uncursed ring of positive energy {unknown}
Wands
 c - a wand of flame (3)
 d - a wand of enslavement (15)
 e - a wand of random effects (10)
Scrolls
 g - 2 scrolls of enchant weapon {unknown}
 h - a scroll of teleportation {unknown}
 k - a scroll of identify {unknown}
 l - a scroll of fog {unknown}
 m - 2 scrolls of remove curse {unknown}
 n - a scroll of enchant armour {unknown}
 p - 2 scrolls of magic mapping {unknown}
 t - a scroll of amnesia {unknown}
Potions
 r - a potion of lignification {unknown}
 u - a potion of flight {unknown}
 v - 2 potions of haste {unknown}
Comestibles
 f - 3 rations


   Skills:
 + Level 1.7 Fighting
 + Level 2.5 Short Blades
 + Level 1.5 Armour
 + Level 2.7 Dodging
 + Level 1.4 Stealth
 + Level 4.0 Evocations


You had 4 spell levels left.
You didn't know any spells.
Your spell library was empty.

Dungeon Overview and Level Annotations

Branches:
Dungeon (3/15)

Altars:
Elyvilon
Okawaru
Qazlal


Message History

Aiming: Random Effects
Press: ? - help, Shift-Dir - straight line, f - orc
Aim: an orc, wearing a chain mail The fireball explodes!
The fireball engulfs something.
The fireball engulfs you!
* * * LOW HITPOINT WARNING * * *
The fireball engulfs the orc.
The orc is moderately wounded.
Something hits you but does no damage.
An orc wizard appears from thin air!
Reactivating autopickup.
The orc wizard miscasts a cantrip.
Evoke which item? (* to show all) (? for menu, Esc to quit)
Aiming: Random Effects
Press: ? - help, Shift-Dir - straight line, f/p - orc
Aim: an orc, wearing a chain mail (moderately wounded)
The orc wizard flickers and vanishes!
Deactivating autopickup; reactivate with Ctrl-A.
Something hits you.
You die...

######## #####...#.#.....
#......###.....###)#####.
#........###.### #÷# ##
#.......##§...§# #.# #.
#........#.....###.# ###.
#........o.._....#.# #...
#<....{o##.....#...# #.##
#........#§...§###.# #.#
#......#@###.### #.###.##
#..........)..# #.o##.#.
#######.......# ##....#.
#.......# #).....
##.....## #.#.###
#######.......# ###.#
##...##........# ...
##..............# #....
#..............## ..####


You could see an orc.

Vanquished Creatures
  Natasha (thrice) (D:3)
  2 adders
  An ooze (D:2)
  A worm (D:2)
  A dart slug (D:2)
  4 leopard geckos
  2 orcs (D:3)
  5 bats
  2 giant cockroaches
  7 goblins
  7 hobgoblins
  5 kobolds
  4 frilled lizards
  A rat (D:1)
45 creatures vanquished.

Notes
Turn   | Place    | Note
-------+----------+-------------------------------------------
     0 | D:1      | H0rd4k the Human Artificer began the quest for the Orb.
     0 | D:1      | Reached XP level 1. HP: 15/15 MP: 3/3
   116 | D:1      | Reached XP level 2. HP: 5/21 MP: 4/4
   530 | D:1      | HP: 1/21 [leopard gecko (3)]
   830 | D:1      | Reached XP level 3. HP: 21/26 MP: 5/5
  1391 | D:2      | Reached XP level 4. HP: 26/32 MP: 6/6
  1426 | D:2      | Found an iron altar of Okawaru.
  1883 | D:3      | Noticed Natasha
  1886 | D:3      | Found a stormy altar of Qazlal.
  1891 | D:3      | Killed Natasha
  1919 | D:3      | Found a white marble altar of Elyvilon.
  1932 | D:3      | Noticed Natasha
  1945 | D:3      | Killed Natasha
  1945 | D:3      | Reached skill level 1 in Armour
  1945 | D:3      | Reached XP level 5. HP: 9/37 MP: 7/7
  1949 | D:3      | Reached skill level 4 in Evocations
  2252 | D:3      | Noticed Natasha
  2254 | D:3      | Killed Natasha
  2314 | D:3      | HP: 1/38 [shot self (8)]
  2318 | D:3      | Slain by an orc wizard

Skill      XL: |  1  2  3  4  5 |
---------------+----------------+-----
Short Blades   | 2 |  2.5
Armour         | 1 |  1.5
Evocations     | 4 |  4.0
Fighting       | |  1.7
Dodging        | |  2.7
Stealth        | |  1.4

Action                   |  1- 3 |  4- 6 || total
-------------------------+-------+-------++-------
Melee: Short sword       |   138 |    57 ||   195
Evoke: Wand              |     1 |    16 ||    17
  Use: Potion            |       |     2 ||     2
 Stab: Sleeping          |     1 |     1 ||     2
  Eat: Chunk             |     2 |     2 ||     4
Armor: Leather armour    |    36 |    19 ||    55
Dodge: Dodged            |   117 |    35 ||   152
